[Event "Titled Tuesday Blitz March 01 Early 2022"]
[White "Kamsky, Gata"]
[Black "Tsvetkov, Andrey"]
[WhiteFideId "2000024"]
[BlackFideId "34139360"]
[WhiteElo "2645"]
[BlackElo "2280"]
[Result "0-1"]
[Round "10"]
[TimeControl "180+1"]
[Date "2022.03.01"]
[WhiteClock "0:01:16"]
[BlackClock "0:01:03"]

1. e4 c5 2. Nf3 d6 3. Nc3 Nf6 4. Bc4 Nc6 5. d3 e6 6. O-O Be7 7. a3 O-O 8. Ba2 a6 9. Re1 b5 10. Ne2 Bb7 11. Ng3 Nd4 12. Nd2 d5 13. c3 Nc6 14. e5 Nd7 15. Nf3 d4 16. Qe2 Nb6 17. Qe4 dxc3 18. bxc3 Nd5 19. Bd2 b4 20. c4 Nc3 21. Bxc3 bxc3 22. Ne2 Rb8 23. Qe3 Nd4 0-1


[Site "https://www.chess.com"]

[Event "Titled Tuesday Blitz March 01 Early 2022"]
[White "Kejzar, Petra"]
[Black "Clawitter, Craig"]
[WhiteFideId "14610213"]
[BlackFideId "2023105"]
[WhiteElo "2006"]
[BlackElo "2213"]
[Result "1-0"]
[Round "10"]
[TimeControl "180+1"]
[Date "2022.03.01"]
[WhiteClock "0:00:03"]
[BlackClock "0:00:17"]

1. e4 e6 2. c4 d5 3. cxd5 exd5 4. exd5 Nf6 5. Nc3 Nxd5 6. Nf3 Be7 7. d4 O-O 8. Bd3 Nc6 9. O-O Bg4 10. a3 Nxd4 11. Bxh7+ Kxh7 12. Qxd4 Bxf3 13. gxf3 Nxc3 14. Qxc3 Bd6 15. Kh1 Qh4 16. f4 Rh8 17. Rg1 Qh6 18. b4 Kg8 19. Qg3 Re8 20. Bb2 Rh7 21. Rae1 Rxe1 22. Rxe1 f6 23. Qg2 Qxf4 24. Re8+ Kf7 25. Qd5+ Kxe8 26. Qg8+ Kd7 27. Qxh7 Qf3+ 28. Kg1 Qg4+ 29. Kf1 Qd1+ 30. Kg2 Qg4+ 31. Kf1 Kc6 32. Qc2+ Kb6 33. Qd3 c6 34. Qxd6 Qh3+ 35. Ke1 Qb3 36. Bd4+ Kb5 37. Qc5+ Ka4 38. Qa5# 1-0


[Site "https://www.chess.com"]

[Event "Titled Tuesday Blitz March 01 Early 2022"]
[White "Kirillov, Dmitry"]
[Black "Jumabayev, Rinat"]
[WhiteFideId "34180572"]
[BlackFideId "13702661"]
[WhiteElo "2076"]
[BlackElo "2561"]
[Result "0-1"]
[Round "10"]
[TimeControl "180+1"]
[Date "2022.03.01"]
[WhiteClock "0:00:02"]
[BlackClock "0:00:07"]

1. e4 e6 2. d4 d5 3. Nd2 c5 4. Ngf3 cxd4 5. exd5 Qxd5 6. Bc4 Qd6 7. O-O Nf6 8. Nb3 Nc6 9. Nbxd4 Nxd4 10. Qxd4 Qxd4 11. Nxd4 Bd7 12. Bf4 a6 13. Rad1 Bc5 14. c3 O-O 15. Be2 Nd5 16. Be5 Ba4 17. Nb3 Bb6 18. c4 Nb4 19. Bd6 Nxa2 20. Bxf8 Kxf8 21. Rd3 Nb4 22. Rh3 h6 23. Ra1 Bc6 24. Bf3 Rd8 25. Bxc6 Nxc6 26. Kf1 Bd4 27. Nxd4 Rxd4 28. Rc1 Rd2 29. Rb3 Ne5 30. Rxb7 Nd3 31. Ra1 Rxf2+ 32. Kg1 Rc2 33. Rd1 Rxb2 34. Rxb2 Nxb2 35. Rc1 Ke7 36. Rc2 Na4 37. Rd2 Nc5 38. Kf1 g5 39. Ke2 f5 40. Ke3 h5 41. Rb2 Kd6 42. Rb6+ Kc7 43. Rb2 e5 44. g3 f4+ 45. gxf4 gxf4+ 46. Kf3 e4+ 47. Ke2 Nd3 48. Ra2 Kb6 49. Ra1 Ne5 50. Rb1+ Kc5 51. Ra1 Nxc4 52. Rxa6 Kd4 53. Ra4 f3+ 54. Ke1 Kd3 55. Ra8 e3 56. Rd8+ Ke4 57. Re8+ Ne5 58. h4 Kf4 59. Rf8+ Kg3 60. Rf5 Ng4 61. Rxh5 Kg2 62. Rg5 f2+ 63. Ke2 f1=Q# 0-1


[Site "https://www.chess.com"]

[Event "Titled Tuesday Blitz March 01 Early 2022"]
[White "Kohler, Aran"]
[Black "Chernomordik, Pavel"]
[WhiteFideId "1002856"]
[BlackFideId "2804530"]
[WhiteElo "2270"]
[BlackElo "2249"]
[Result "0-1"]
[Round "10"]
[TimeControl "180+1"]
[Date "2022.03.01"]
[WhiteClock "0:00:16"]
[BlackClock "0:00:29"]

1. c4 g6 2. Nc3 Bg7 3. d4 d6 4. e4 c6 5. Be3 a6 6. h4 h6 7. f3 b5 8. cxb5 axb5 9. Qd2 b4 10. Nd1 Qb6 11. Bc4 Ba6 12. Bxa6 Nxa6 13. Ne2 Nf6 14. O-O Nc7 15. Nf2 Qb5 16. a3 bxa3 17. Rxa3 Rxa3 18. bxa3 O-O 19. Nc3 Qh5 20. g3 Qxf3 21. Nh1 Qh5 22. a4 Ng4 23. Qe2 Ne6 24. Nf2 Nxe3 25. Qxe3 Bxd4 26. Qd3 Qa5 27. Ne2 Qxa4 28. Nxd4 Qxd4 29. Qc2 Qe3 30. Kg2 Nd4 31. Qd1 Rb8 32. Re1 Qc3 33. Ng4 Rb2+ 34. Kh3 h5 35. Re3 Qc4 36. Nh2 e5 37. Nf3 Qe6+ 38. g4 Qxg4# 0-1


[Site "https://www.chess.com"]

[Event "Titled Tuesday Blitz March 01 Early 2022"]
[White "Korchmar, Vasiliy"]
[Black "Tasev, Dejan"]
[WhiteFideId "24131750"]
[BlackFideId "936618"]
[WhiteElo "2370"]
[BlackElo "2253"]
[Result "1-0"]
[Round "10"]
[TimeControl "180+1"]
[Date "2022.03.01"]
[WhiteClock "0:00:03"]
[BlackClock "0:00:05"]

1. e4 c6 2. d4 d5 3. e5 Bf5 4. c4 e6 5. Nc3 Ne7 6. h4 h6 7. Nge2 dxc4 8. Ng3 Bh7 9. Bxc4 Nd7 10. O-O Nb6 11. Bd3 Bxd3 12. Qxd3 Ned5 13. h5 Qh4 14. Nce4 O-O-O 15. a4 a5 16. Bd2 Nb4 17. Qf3 Rd7 18. Rfc1 Kb8 19. Rc5 Bxc5 20. Nxc5 Qxd4 21. Be3 Qxb2 22. Nxd7+ Nxd7 23. Rd1 Nxe5 24. Qf4 f6 25. Bd4 Nd3 26. Rxd3 Qb1+ 27. Kh2 Qxd3 28. Bxe5+ fxe5 29. Qxe5+ Kc8 30. Qxg7 Qh7 31. Qe5 Qg8 32. Ne4 Rh7 33. Nf6 Qg7 34. Qxe6+ Kb8 35. Qe5+ Kc8 36. Qf5+ Kb8 37. Nxh7 Qc7+ 38. g3 Qb6 39. Nf6 Qb4 40. Qf4+ Ka7 41. Ne4 Qxa4 42. Qe3+ b6 43. Nd6 Kb8 44. Qe7 1-0


[Site "https://www.chess.com"]

[Event "Titled Tuesday Blitz March 01 Early 2022"]
[White "Kosakowski, Jakub"]
[Black "Shvedova, Alexandra"]
[WhiteFideId "1185080"]
[BlackFideId "54154782"]
[WhiteElo "2476"]
[BlackElo "1920"]
[Result "1-0"]
[Round "10"]
[TimeControl "180+1"]
[Date "2022.03.01"]
[WhiteClock "0:00:28"]
[BlackClock "0:00:30"]

1. d4 Nf6 2. Nf3 d5 3. c4 e6 4. Nc3 dxc4 5. e4 b5 6. e5 Nd5 7. Nxb5 Nb6 8. Be2 Nc6 9. O-O Be7 10. Qd2 O-O 11. Rd1 Rb8 12. Nc3 Ba6 13. Qf4 Nd5 14. Qg3 Nxc3 15. bxc3 Kh8 16. Nd2 Na5 17. Ne4 Bb7 18. Bf3 Bd5 19. Qh3 Nc6 20. Nd2 Bxf3 21. Qxf3 Qd5 22. Qe2 Na5 23. Ne4 h6 24. h4 Rfd8 25. h5 c5 26. Bf4 cxd4 27. Rxd4 Qb7 28. Rad1 Rxd4 29. Rxd4 Qb1+ 30. Kh2 Rb2 31. Qe3 Qxa2 32. Rd7 Nc6 33. Bxh6 Re2 34. Qg3 Bf8 35. Rxf7 Qa3 36. Bxg7+ Kg8 37. Nf6+ Kxf7 38. Qg6+ Ke7 39. Qe8# 1-0


[Site "https://www.chess.com"]

[Event "Titled Tuesday Blitz March 01 Early 2022"]
[White "Krysa, Leandro"]
[Black "Lou, Yiping"]
[WhiteFideId "116807"]
[BlackFideId "8603928"]
[WhiteElo "2490"]
[BlackElo "2412"]
[Result "1/2-1/2"]
[Round "10"]
[TimeControl "180+1"]
[Date "2022.03.01"]
[WhiteClock "0:00:04"]
[BlackClock "0:00:04"]

1. e4 e5 2. Nf3 Nc6 3. Nc3 Nf6 4. a4 a6 5. d4 exd4 6. Nxd4 Bb4 7. Nxc6 bxc6 8. Bd3 O-O 9. O-O d5 10. exd5 cxd5 11. Qf3 c6 12. h3 Re8 13. Bf4 Bd6 14. Rfd1 Rb8 15. b3 Rb4 16. Ne2 h6 17. Bxd6 Qxd6 18. Qg3 Qe7 19. Nc3 Nh5 20. Qf3 Qg5 21. Re1 Be6 22. g3 a5 23. Kh2 Rbb8 24. h4 Qf6 25. Qxf6 Nxf6 26. Ne2 c5 27. Bb5 Red8 28. Nf4 Bf5 29. Re2 d4 30. Rae1 g5 31. hxg5 hxg5 32. Nd3 Rd5 33. Kg2 Bxd3 34. cxd3 Rbd8 35. Re7 Rf5 36. R1e5 Rd5 37. Rxd5 Nxd5 38. Ra7 Nc3 39. Rxa5 Nd1 40. f3 Ne3+ 41. Kf2 g4 42. f4 Rh5 43. Bc6 Rh2+ 44. Kg1 Rh3 45. Kf2 Rh2+ 46. Kg1 Rb2 47. Rxc5 Rxb3 48. a5 Rxd3 49. a6 Ra3 50. Bb5 Kg7 51. Rc7 d3 52. Rd7 Ra1+ 53. Kf2 Nd1+ 54. Kg2 Ne3+ 55. Kf2 Nd1+ 56. Kg2 Nb2 57. Bxd3 Nxd3 58. Rxd3 Ra2+ 59. Kf1 Rxa6 60. Kf2 Kg6 61. Ke3 f6 62. Ke4 Re6+ 63. Kd4 Re2 64. Re3 Rf2 65. Ke4 Rf1 66. Kd3 Kf5 67. Ke2 Rg1 68. Kf2 Ra1 69. Rb3 Ra2+ 70. Ke3 Rg2 71. Kd4 Rf2 72. Re3 Rf3 73. Rd3 Rf1 74. Re3 Rd1+ 75. Rd3 Rf1 76. Rc3 Ke6 77. Re3+ Kf7 78. Ra3 Ke6 79. Re3+ Kd6 80. Rc3 Rd1+ 81. Rd3 Re1 82. Ra3 f5 83. Ra6+ Ke7 84. Kd5 Kf7 85. Ra7+ Kf6 86. Ra6+ Kf7 87. Ra7+ Kf6 88. Ra6+ Kf7 1/2-1/2


[Site "https://www.chess.com"]

[Event "Titled Tuesday Blitz March 01 Early 2022"]
[White "Kucuksari, Kaan"]
[Black "Vantika, Agrawal"]
[WhiteFideId "6380166"]
[BlackFideId "25050389"]
[WhiteElo "2305"]
[BlackElo "2075"]
[Result "0-1"]
[Round "10"]
[TimeControl "180+1"]
[Date "2022.03.01"]
[WhiteClock "0:00:39"]
[BlackClock "0:00:10"]

1. d4 Nf6 2. c4 g6 3. g3 Bg7 4. Bg2 O-O 5. Nf3 d6 6. O-O Nbd7 7. Nc3 e5 8. e4 c6 9. h3 Qa5 10. d5 cxd5 11. cxd5 b5 12. Re1 b4 13. Qa4 Qb6 14. Be3 Nc5 15. Bxc5 Qxc5 16. Nb1 Bd7 17. Qb3 a5 18. Nbd2 Rfc8 19. Reb1 a4 20. Qd1 Ne8 21. Rc1 Qa7 22. Nc4 Bh6 23. Nfd2 f5 24. exf5 Bxf5 25. g4 Bd3 26. Be4 Bxe4 27. Nxe4 Bxc1 28. Rxc1 Qd4 29. Qxd4 exd4 30. Kf1 Ra5 31. Ke2 Rxd5 32. Kd3 Kg7 33. Re1 Rd8 34. Ned2 Rc5 35. Re7+ Kg8 36. Kxd4 Rc7 37. Re2 Kf7 38. Ne4 Rxc4+ 39. Kxc4 d5+ 40. Kxb4 dxe4 41. Kxa4 Nd6 42. b4 Ke6 43. Kb3 Rf8 44. Ka4 Ke5 45. b5 Rb8 46. f3 Rxb5 47. Rxe4+ Nxe4 48. Kxb5 Nc3+ 49. Kc6 Nxa2 50. Kd7 Kf4 51. Ke6 Kxf3 52. Kf6 Kg3 53. Kg7 Kxh3 54. Kxh7 g5 55. Kg6 Kxg4 56. Kf6 Kf4 57. Kg6 g4 58. Kh5 g3 59. Kh4 g2 60. Kh3 g1=Q 0-1


[Site "https://www.chess.com"]

[Event "Titled Tuesday Blitz March 01 Early 2022"]
[White "Kukhmazov, Arsen"]
[Black "Mitusov, Semen"]
[WhiteFideId "24108260"]
[BlackFideId "14151049"]
[WhiteElo "2487"]
[BlackElo "2246"]
[Result "1-0"]
[Round "10"]
[TimeControl "180+1"]
[Date "2022.03.01"]
[WhiteClock "0:00:34"]
[BlackClock "0:00:07"]

1. d4 d5 2. c4 e6 3. Nc3 c6 4. e4 dxe4 5. Nxe4 Bb4+ 6. Bd2 Qxd4 7. Bxb4 Qxe4+ 8. Ne2 Na6 9. Bf8 Ne7 10. Bxg7 Rg8 11. Bc3 Qxc4 12. Ng3 Qd5 13. Bxa6 bxa6 14. O-O Bb7 15. f3 Qxd1 16. Rfxd1 c5 17. Nh5 Nd5 18. Kf2 Ke7 19. Bd2 Rg6 20. Rac1 Rag8 21. g3 Rc8 22. b3 Rgg8 23. Rc4 Nf6 24. Nxf6 Kxf6 25. Be3 Bd5 26. Rf4+ Ke7 27. Rc1 e5 28. Ra4 Rg6 29. Bxc5+ Ke8 30. b4 Rf6 31. Ra3 e4 32. f4 Rfc6 33. Ke3 f5 34. Rd1 Be6 35. Ra5 Rd8 36. Rxd8+ Kxd8 37. Bxa7 Rc3+ 38. Kd4 Rd3+ 39. Ke5 Bc8 40. Bb6+ Kd7 41. Rc5 Rd6 42. Rc7+ 1-0


[Site "https://www.chess.com"]

[Event "Titled Tuesday Blitz March 01 Early 2022"]
[White "Kukula, Pawel"]
[Black "Carlsson, Ludvig"]
[WhiteFideId "1115081"]
[BlackFideId "1727010"]
[WhiteElo "2203"]
[BlackElo "2178"]
[Result "1-0"]
[Round "10"]
[TimeControl "180+1"]
[Date "2022.03.01"]
[WhiteClock "0:00:52"]
[BlackClock "0:00:59"]

1. d4 d5 2. Nf3 Nf6 3. e3 Bg4 4. c4 e6 5. Qb3 Nc6 6. Nc3 a6 7. Bd2 Bxf3 8. gxf3 dxc4 9. Bxc4 Rb8 10. Ne4 Nxe4 11. fxe4 Bd6 12. h4 O-O 13. h5 h6 14. O-O-O b5 15. Bd3 e5 16. d5 Ne7 17. f4 c5 18. dxc6 Nxc6 19. Kb1 Qe7 20. Rhg1 Kh8 21. Rg4 Qe6 22. Rdg1 Qxb3 23. axb3 Rg8 24. Bc3 Rbc8 25. Bf1 Rc7 26. Bh3 f6 27. Rg6 Rgc8 28. Bxc8 b4 29. fxe5 Bxe5 30. Bxe5 Nxe5 31. Bf5 a5 32. R6g2 a4 33. Rc2 Rxc2 34. Kxc2 axb3+ 35. Kxb3 Nf3 36. Rd1 Kg8 37. Kxb4 1-0


[Site "https://www.chess.com"]

[Event "Titled Tuesday Blitz March 01 Early 2022"]
[White "Kuzmin, Roman"]
[Black "Alavkin, Arseny"]
[WhiteFideId "44134932"]
[BlackFideId "4120612"]
[WhiteElo "1978"]
[BlackElo "2391"]
[Result "1-0"]
[Round "10"]
[TimeControl "180+1"]
[Date "2022.03.01"]
[WhiteClock "0:00:10"]
[BlackClock "0:01:40"]

1. e4 c5 2. Nf3 Nc6 3. d4 cxd4 4. Nxd4 g6 5. Nc3 Bg7 6. Be3 Nf6 7. Nxc6 bxc6 8. e5 Ng8 9. Bd4 Qc7 10. e6 Nf6 11. exf7+ Kxf7 12. Bc4+ d5 13. Bb3 e5 14. Bc5 Be6 15. O-O Rhe8 16. f4 exf4 17. Qd2 g5 18. Rae1 Bf5 19. Bd4 Kg6 20. h4 h6 21. g3 Rxe1 22. Qxe1 fxg3 23. Bxf6 Bxf6 24. h5+ Kxh5 25. Rxf5 Bd4+ 26. Kg2 Kg6 27. Qe6+ Kh5 28. Ne2 Bf2 29. Nf4+ Qxf4 30. Rxf4 gxf4 31. Qf5+ Kh4 32. c4 Rg8 33. Qf6+ Rg5 34. Qxh6+ Rh5 35. Qxf4# 1-0


[Site "https://www.chess.com"]

[Event "Titled Tuesday Blitz March 01 Early 2022"]
[White "Lakshmi C"]
[Black "Reprintsev, Alexander"]
[WhiteFideId "25035347"]
[BlackFideId "14100541"]
[WhiteElo "1775"]
[BlackElo "2126"]
[Result "0-1"]
[Round "10"]
[TimeControl "180+1"]
[Date "2022.03.01"]
[WhiteClock "0:00:02"]
[BlackClock "0:01:11"]

1. e4 d5 2. exd5 Qxd5 3. Nc3 Qa5 4. d4 Nf6 5. Nf3 Nc6 6. Bc4 Bg4 7. Be3 O-O-O 8. Qd2 Bxf3 9. gxf3 e5 10. d5 Bb4 11. O-O-O Ne7 12. Qd3 Bxc3 13. bxc3 Rd6 14. Bb3 Rhd8 15. c4 c6 16. c5 Rxd5 17. Bxd5 Rxd5 18. Qb3 Nf5 19. c4 Nxe3 20. fxe3 Rxd1+ 21. Rxd1 Qxc5 22. Qd3 Qe7 23. Qf5+ Kc7 24. Rd3 g6 25. Qh3 h5 26. Qg3 Nd7 27. e4 Nc5 28. Rd2 a5 29. Qf2 Ne6 30. Qe3 Nd4 31. f4 f6 32. Rxd4 exd4 33. Qxd4 Qd6 34. Qe3 b6 35. e5 fxe5 36. fxe5 Qb4 37. Qf4 Qc3+ 38. Kb1 Qd3+ 39. Kc1 Qf5 40. Qxf5 gxf5 41. Kd2 Kd7 42. Ke3 Ke6 43. Kf4 b5 44. cxb5 cxb5 45. Kg5 Kxe5 46. Kxh5 f4 47. Kg4 b4 48. h4 a4 49. h5 b3 50. h6 Kf6 51. Kxf4 bxa2 0-1


[Site "https://www.chess.com"]

[Event "Titled Tuesday Blitz March 01 Early 2022"]
[White "Li, Ben"]
[Black "Horobetz, Graham"]
[WhiteFideId "2089980"]
[BlackFideId "2047322"]
[WhiteElo "2267"]
[BlackElo "2635"]
[Result "0-1"]
[Round "10"]
[TimeControl "180+1"]
[Date "2022.03.01"]
[WhiteClock "0:00:22"]
[BlackClock "0:00:25"]

1. d4 Nf6 2. c4 e6 3. Nf3 Bb4+ 4. Bd2 Qe7 5. g3 Nc6 6. Nc3 Bxc3 7. Bxc3 Ne4 8. Rc1 Nxc3 9. Rxc3 O-O 10. Bg2 d6 11. d5 Nb8 12. dxe6 fxe6 13. Nd4 e5 14. Nc2 Nc6 15. O-O Be6 16. b4 Kh8 17. Qd2 Bf5 18. Ne3 Be6 19. a3 Rab8 20. c5 Nd4 21. cxd6 cxd6 22. Rfc1 Qf6 23. Qe1 Rf7 24. Nd5 Qg5 25. h4 Qg4 26. Re3 Rbf8 27. Nc7 Bc8 28. Bd5 Rf6 29. a4 Qf5 30. f3 Qh3 31. Be4 Bf5 32. g4 Bxe4 33. Rxe4 Rxf3 34. exf3 Nxf3+ 35. Kf2 Qxh4+ 36. Ke2 Qh2+ 37. Kd3 Nxe1+ 38. Rcxe1 Rc8 39. Rc4 h6 40. Re3 Qg1 41. a5 Qd1+ 42. Kc3 Rxc7 43. Rxc7 Qc1+ 44. Kb3 Qxc7 45. Rc3 Qf7+ 46. Ka4 a6 47. b5 Qd7 48. Ka3 Qxb5 49. g5 Qxa5+ 50. Kb3 Qxc3+ 51. Ka4 Qc6+ 52. Ka5 Qb5# 0-1


[Site "https://www.chess.com"]

[Event "Titled Tuesday Blitz March 01 Early 2022"]
[White "Makhnev, Denis"]
[Black "Warmerdam, Max"]
[WhiteFideId "13707647"]
[BlackFideId "1048104"]
[WhiteElo "2491"]
[BlackElo "2537"]
[Result "1-0"]
[Round "10"]
[TimeControl "180+1"]
[Date "2022.03.01"]
[WhiteClock "0:00:09"]
[BlackClock "0:00:53"]

1. d4 d5 2. c4 e6 3. Nf3 a6 4. cxd5 exd5 5. Nc3 c6 6. Qb3 Nf6 7. Bg5 h6 8. Bh4 Be7 9. e3 O-O 10. Bd3 Re8 11. O-O Nbd7 12. h3 Ne4 13. Bxe7 Qxe7 14. Bxe4 dxe4 15. Nd2 Nf6 16. Qa3 Qd8 17. Nc4 Be6 18. Nd6 Re7 19. Ndxe4 Nxe4 20. Nxe4 Bc4 21. Rfc1 Bd5 22. Nc3 Be6 23. Re1 Qd7 24. e4 Rae8 25. Rad1 f5 26. exf5 Bxf5 27. Re5 Rxe5 28. dxe5 Qf7 29. Qc5 Qg6 30. Qe3 Be6 31. Kh2 Rf8 32. f4 h5 33. a3 h4 34. Rd2 Qf5 35. Rf2 g5 36. Ne2 Bc4 37. Nd4 gxf4 38. Qc3 Qf7 39. Nf3 Bd5 40. Nxh4 Qh5 41. Rxf4 Re8 42. Qg3+ Kh7 43. Rf5 Qh6 44. Rg5 Be6 45. Nf5 Bxf5 46. Rxf5 Rg8 47. Rf7+ Kh8 48. Qf4 1-0


[Site "https://www.chess.com"]

[Event "Titled Tuesday Blitz March 01 Early 2022"]
[White "Manelyuk, Daniil"]
[Black "Dronavalli, Harika"]
[WhiteFideId "44173920"]
[BlackFideId "5015197"]
[WhiteElo "2222"]
[BlackElo "2382"]
[Result "0-1"]
[Round "10"]
[TimeControl "180+1"]
[Date "2022.03.01"]
[WhiteClock "0:00:07"]
[BlackClock "0:00:18"]

1. e4 c5 2. Nf3 e6 3. c4 Nc6 4. Nc3 a6 5. d4 cxd4 6. Nxd4 Bb4 7. Nxc6 bxc6 8. Qd4 Qf6 9. e5 Qe7 10. Be3 Nh6 11. c5 a5 12. Bd3 Ba6 13. Bxa6 Rxa6 14. Qc4 Ra8 15. g4 Qh4 16. Bxh6 gxh6 17. Ke2 Bxc3 18. bxc3 h5 19. h3 Rg8 20. f3 Qg3 21. Qd4 Rg5 22. f4 Qg2+ 23. Qf2 Qe4+ 24. Qe3 Qc4+ 25. Kf3 Rg8 26. Rhd1 hxg4+ 27. hxg4 Rb8 28. Rd4 Qb5 29. Rad1 Rb7 30. Qe4 Qxc5 31. Qxh7 Rf8 32. R1d3 Qe7 33. g5 Rb2 34. Qe4 Rh8 35. Kg3 Rbh2 36. Rxd7 R8h3+ 37. Kg4 Rh4+ 38. Kg3 Qxd7 39. Rxd7 Kxd7 40. Qd4+ Kc8 41. Qd6 R2h3+ 42. Kg2 Rxc3 43. Qf8+ Kb7 44. Qxf7+ Kb6 45. g6 Rg4+ 46. Kf2 Rc2+ 47. Kf3 Rcg2 48. g7 Rxg7 49. Qxe6 R7g3+ 50. Ke4 Re2+ 51. Kf5 Rf2 52. Qe7 Rgf3 53. Qd8+ Kc5 54. Qd6+ Kb5 55. Qd4 c5 56. Qe4 c4 57. e6 Rxf4+ 58. Qxf4 Rxf4+ 59. Kxf4 Kc6 60. Ke5 c3 61. Kf6 c2 62. e7 c1=Q 63. e8=Q+ Kb6 64. Qe6+ Kb5 65. Qe5+ Kb4 66. Kf5 Qf1+ 67. Qf4+ Qxf4+ 68. Kxf4 Ka3 69. Ke3 Kxa2 70. Kd3 Kb2 71. Kc4 a4 72. Kb4 a3 0-1


[Site "https://www.chess.com"]

[Event "Titled Tuesday Blitz March 01 Early 2022"]
[White "Manolache, Marius"]
[Black "Weetik, Vjacheslav"]
[WhiteFideId "1201530"]
[BlackFideId "4153472"]
[WhiteElo "2389"]
[BlackElo "2469"]
[Result "1/2-1/2"]
[Round "10"]
[TimeControl "180+1"]
[Date "2022.03.01"]
[WhiteClock "0:00:31"]
[BlackClock "0:00:07"]

1. d4 Nf6 2. c4 g6 3. Nc3 Bg7 4. e4 d6 5. h3 O-O 6. Nge2 e5 7. d5 c6 8. g4 cxd5 9. cxd5 h5 10. g5 Nh7 11. Rg1 f6 12. gxf6 Qxf6 13. Be3 Na6 14. Qd2 Bd7 15. O-O-O Rac8 16. Kb1 Nc5 17. Bg2 b5 18. Nc1 b4 19. N3e2 a5 20. Nd3 Bb5 21. Nxc5 dxc5 22. Ng3 h4 23. Ne2 c4 24. Rc1 Rf7 25. Ka1 Bf8 26. Rgf1 g5 27. Rg1 Kh8 28. Qd1 a4 29. Bf1 a3 30. bxa3 b3 31. Nc3 Bxa3 32. Rb1 Be8 33. Bc1 Qd6 34. Bxa3 Qxa3 35. Qc1 Qa5 36. Qb2 Ra7 37. Rc1 Rca8 38. f3 Qc5 39. Rg2 Bh5 40. a4 Bxf3 41. Re2 Rxa4+ 42. Nxa4 Rxa4+ 43. Kb1 Qa5 44. Qxe5+ Kg8 45. Qe6+ Kg7 46. Qe7+ Kh6 47. Qe5 Bxe2 48. Bxe2 Qd2 49. Qe6+ Kg7 50. Qe7+ Kh6 51. Qe6+ Kg7 52. Qe7+ Kh6 53. Qe6+ 1/2-1/2


[Site "https://www.chess.com"]

[Event "Titled Tuesday Blitz March 01 Early 2022"]
[White "Martin Duque, Jesus"]
[Black "Murzin, Volodar"]
[WhiteFideId "2208954"]
[BlackFideId "44155573"]
[WhiteElo "2243"]
[BlackElo "2585"]
[Result "1-0"]
[Round "10"]
[TimeControl "180+1"]
[Date "2022.03.01"]
[WhiteClock "0:01:02"]
[BlackClock "0:00:03"]

1. Nf3 Nf6 2. b3 g6 3. Bb2 Bg7 4. g3 O-O 5. Bg2 d6 6. d4 e5 7. dxe5 Ng4 8. Nc3 Nxe5 9. h4 Nxf3+ 10. Bxf3 Nc6 11. Qd2 Bf5 12. g4 Be6 13. h5 Re8 14. hxg6 hxg6 15. O-O-O Qc8 16. Ne4 Ne5 17. g5 Qd8 18. Qf4 Bf5 19. Nf6+ Kf8 20. Qh4 Re6 21. e4 Nxf3 22. Qh7 Nxg5 23. Qg8+ Ke7 24. Qxg7 Nxe4 25. Nd5+ Kd7 26. Qxf7+ Kc6 27. Rh8 Qg5+ 28. f4 1-0


[Site "https://www.chess.com"]

[Event "Titled Tuesday Blitz March 01 Early 2022"]
[White "Martinez, Shawn"]
[Black "Tomiello, Mateus Costamilan"]
[WhiteFideId "2039770"]
[BlackFideId "22701958"]
[WhiteElo "2174"]
[BlackElo "1975"]
[Result "0-1"]
[Round "10"]
[TimeControl "180+1"]
[Date "2022.03.01"]
[WhiteClock "0:00:38"]
[BlackClock "0:01:02"]

1. e4 e5 2. Nf3 Nc6 3. d4 exd4 4. Nxd4 Nf6 5. Nxc6 bxc6 6. e5 Qe7 7. Qe2 Nd5 8. c4 Ba6 9. Qe4 Nb6 10. Nc3 f6 11. exf6 gxf6 12. Qxe7+ Bxe7 13. b3 d5 14. cxd5 Bxf1 15. Rxf1 cxd5 16. Bf4 Bb4 17. Bd2 Kf7 18. O-O-O c5 19. Nb5 Bxd2+ 20. Rxd2 d4 21. Re1 Rad8 22. Rde2 Rd7 23. Re6 Rhd8 24. Rc6 Nd5 25. Ree6 Nb4 26. Rxf6+ Kg7 27. Nc7 Nxc6 28. Rxc6 Kh8 29. f4 Rc8 30. f5 Rcxc7 31. Re6 Rf7 32. g4 Rce7 33. Rc6 Re2 34. f6 h6 35. h4 Rg2 36. Rxc5 Rxg4 0-1


[Site "https://www.chess.com"]

[Event "Titled Tuesday Blitz March 01 Early 2022"]
[White "Matinian, Nikita"]
[Black "Silva, Miguel Antonio Neto"]
[WhiteFideId "24129100"]
[BlackFideId "1911929"]
[WhiteElo "2422"]
[BlackElo "2204"]
[Result "1-0"]
[Round "10"]
[TimeControl "180+1"]
[Date "2022.03.01"]
[WhiteClock "0:02:28"]
[BlackClock "0:01:56"]

1. e4 e5 2. Nc3 Nc6 3. Bc4 Nf6 4. d3 Na5 5. Qf3 c6 6. Nge2 d6 7. O-O Be7 8. h3 Nxc4 9. dxc4 Be6 10. b3 Qc7 11. a4 a5 12. Ng3 Nd7 13. Nf5 Bxf5 14. exf5 Nf6 15. g4 h6 16. Ba3 O-O-O 17. Rad1 Rhe8 18. Rfe1 Nh7 19. Qe3 Kb8 20. c5 Bg5 21. cxd6 Qd7 22. Qb6 Nf6 23. Bc5 1-0


[Site "https://www.chess.com"]

[Event "Titled Tuesday Blitz March 01 Early 2022"]
[White "Matlakov, Maxim"]
[Black "Zhigalko, Sergei"]
[WhiteFideId "4168003"]
[BlackFideId "13502956"]
[WhiteElo "2661"]
[BlackElo "2662"]
[Result "1-0"]
[Round "10"]
[TimeControl "180+1"]
[Date "2022.03.01"]
[WhiteClock "0:01:55"]
[BlackClock "0:00:05"]

1. c4 e5 2. g3 Nf6 3. Bg2 c6 4. d4 exd4 5. Qxd4 Na6 6. Nf3 Bc5 7. Qe5+ Be7 8. O-O O-O 9. Nc3 Re8 10. Qf4 Nc5 11. Rd1 a5 12. Nd4 d6 13. h3 Bf8 14. Be3 h6 15. Nxc6 bxc6 16. Bxc5 Be6 17. Bxc6 Qc8 18. Bxa8 Qxa8 19. Bxd6 Bxh3 20. Qf3 Qa6 21. Bxf8 Kxf8 22. Nd5 Bg4 23. Qa3+ Kg8 24. Nc7 Qc6 25. Nxe8 Qxe8 26. Qe3 Qa8 27. Rd4 Bh3 28. Qf3 Qa7 29. Rad1 Qc5 30. b3 Kh7 31. Rf4 Qg5 32. Rd6 Ng4 33. Qe4+ f5 34. Qxf5+ Qxf5 35. Rxf5 1-0


[Site "https://www.chess.com"]

[Event "Titled Tuesday Blitz March 01 Early 2022"]
[White "Matveeva, Olga"]
[Black "Melian, Juan Sebastian"]
[WhiteFideId "24107018"]
[BlackFideId "3706575"]
[WhiteElo "2083"]
[BlackElo "1842"]
[Result "0-1"]
[Round "10"]
[TimeControl "180+1"]
[Date "2022.03.01"]
[WhiteClock "0:01:36"]
[BlackClock "0:01:16"]

1. d4 Nf6 2. c4 e6 3. g3 Bb4+ 4. Bd2 a5 5. Bg2 O-O 6. Nf3 d5 7. O-O dxc4 8. Qc2 Bxd2 9. Nbxd2 b5 10. a4 c6 11. e3 Nbd7 12. axb5 cxb5 13. Ne5 Nd5 14. Nc6 Qb6 15. Bxd5 exd5 16. Ne7+ Kh8 17. Nxd5 Qc6 18. e4 Bb7 19. f3 Qh6 20. Kg2 Bxd5 21. exd5 Nb6 22. Qf5 Qxd2+ 23. Rf2 Qxd4 0-1


[Site "https://www.chess.com"]

[Event "Titled Tuesday Blitz March 01 Early 2022"]
[White "Miszler, Levente"]
[Black "Jaskolka, Tomasz"]
[WhiteFideId "763276"]
[BlackFideId "1170791"]
[WhiteElo "1966"]
[BlackElo "2054"]
[Result "1-0"]
[Round "10"]
[TimeControl "180+1"]
[Date "2022.03.01"]
[WhiteClock "0:00:11"]
[BlackClock "0:00:08"]

1. Nf3 Nf6 2. c4 c5 3. g3 b6 4. Bg2 Bb7 5. O-O e6 6. b3 Be7 7. Bb2 Nc6 8. Ne5 Qc7 9. Nxc6 Bxc6 10. d4 cxd4 11. Qxd4 Bxg2 12. Kxg2 O-O 13. Nd2 Bc5 14. Qc3 a5 15. Nf3 Rfc8 16. Rfd1 Bf8 17. Qe3 Be7 18. h4 d5 19. Rac1 dxc4 20. Rxc4 Qb7 21. Rdc1 Nd5 22. Qe4 Qd7 23. Ne5 Qe8 24. Nc6 Bc5 25. Qg4 Qf8 26. Ne5 Rd8 27. Nd3 Be7 28. Nf4 Nxf4+ 29. Qxf4 Rd7 30. Qg4 Rad8 31. h5 h6 32. Rc7 Kh8 33. Qf4 Bg5 34. Qg4 Bxc1 35. Rxc1 f5 36. Qg6 Qf7 37. Qxh6+ Kg8 38. Qe3 Rd2 39. Be5 Qxh5 40. Qxb6 Qxe2 41. Qxe6+ Kf8 42. Qxf5+ Ke7 43. Rc7+ R8d7 44. Rxd7+ Rxd7 45. Bxg7 Qe6 46. Qf8# 1-0


[Site "https://www.chess.com"]